TOP OF THE 1ST |
Bellevue Bruins batting - Pitching for Delaware 1787 BC : RHP Mario Ruíz
|
Pitching: RHP Mario Ruíz
|
|
Batting: LHB Orlando López
|
0-0: Called Strike 0-1: Ball 1-1: Ground out U3 (Groundball, 3S)
|
Batting: RHB Leo Shoemaker
|
0-0: Called Strike 0-1: Foul Ball, location: 2F 0-2: Ball 1-2: Strikes out swinging
|
Batting: RHB Iván Vega
|
0-0: Swinging Strike 0-1: Ball 1-1: Called Strike 1-2: Ball 2-2: Fly out, F2 (Popup, 2RF)
|
Top of the 1st over - 0 run(s), 0 hit(s), 0 error(s), 0 left on base; Bellevue 0 - Delaware 0 |
BOTTOM OF THE 1ST |
Delaware 1787 BC batting - Pitching for Bellevue Bruins : RHP Juan Guillén
|
Pitching: RHP Juan Guillén
|
|
Batting: LHB Tony Vega
|
0-0: Called Strike 0-1: Ball 1-1: Ground out 4-3 (Groundball, 4)
|
Batting: LHB José Cordero
|
0-0: Ball 1-0: Ground out 1-3 (Groundball, 13S)
|
Batting: RHB Jim Scott
|
0-0: Ball 1-0: Foul Ball, location: 2F 1-1: Ball 2-1: Ball 3-1: Base on Balls
|
Batting: LHB Ángel Aguilar
|
0-0: Called Strike 0-1: Swinging Strike 0-2: Ball 1-2: Strikes out looking
|
Bottom of the 1st over - 0 run(s), 0 hit(s), 0 error(s), 1 left on base; Bellevue 0 - Delaware 0 |
TOP OF THE 2ND |
Bellevue Bruins batting - Pitching for Delaware 1787 BC : RHP Mario Ruíz
|
Batting: LHB Javier Sánchez
|
0-0: Ball 1-0: Called Strike 1-1: Fly out, F8 (Flyball, 8LD)
|
Batting: RHB José Carlos Pérez
|
0-0: Ball 1-0: Called Strike 1-1: Called Strike 1-2: Fly out, F9 (Flyball, 89XD)
|
Batting: RHB Edgar González
|
0-0: Ball 1-0: Called Strike 1-1: Called Strike 1-2: Foul Ball, location: 2F 1-2: Strikes out looking
|
Top of the 2nd over - 0 run(s), 0 hit(s), 0 error(s), 0 left on base; Bellevue 0 - Delaware 0 |
BOTTOM OF THE 2ND |
Delaware 1787 BC batting - Pitching for Bellevue Bruins : RHP Juan Guillén
|
Batting: RHB Henrique Shearman
|
0-0: Called Strike 0-1: Ball 1-1: Ball 2-1: Ground out 4-3 (Groundball, 4MS)
|
Batting: RHB Pedro Rivera
|
0-0: Fly out, F8 (Line Drive, 8LM)
|
Batting: RHB Mike Greene
|
0-0: Ball 1-0: Called Strike 1-1: Ball 2-1: Ground out 6-3 (Groundball, 6M)
|
Bottom of the 2nd over - 0 run(s), 0 hit(s), 0 error(s), 0 left on base; Bellevue 0 - Delaware 0 |
TOP OF THE 3RD |
Bellevue Bruins batting - Pitching for Delaware 1787 BC : RHP Mario Ruíz
|
Batting: RHB Nelson Abbey
|
0-0: Called Strike 0-1: Called Strike 0-2: Ball 1-2: Ball 2-2: Strikes out swinging
|
Batting: RHB Jesús Vargas
|
0-0: Ball 1-0: Called Strike 1-1: Ground out 5-3 (Groundball, 56)
|
Batting: RHB Nick Hoskins
|
0-0: Called Strike 0-1: Ball 1-1: SINGLE (Line Drive, 7S)
|
Batting: LHB Orlando López
|
0-0: SINGLE (Line Drive, 56) Nick Hoskins to second
|
Batting: RHB Leo Shoemaker
|
0-0: Called Strike 0-1: Foul Ball, location: 2F 0-2: Ball 1-2: Ball 2-2: Foul Ball, location: 2F 2-2: Foul Ball, location: 2F 2-2: Fly out, F3 (Popup, 3L)
|
Top of the 3rd over - 0 run(s), 2 hit(s), 0 error(s), 2 left on base; Bellevue 0 - Delaware 0 |
BOTTOM OF THE 3RD |
Delaware 1787 BC batting - Pitching for Bellevue Bruins : RHP Juan Guillén
|
Batting: SHB Alonso Solís
|
0-0: Called Strike 0-1: Foul Ball, location: 2F 0-2: Ball 1-2: Strikes out looking
|
Batting: RHB Roberto Escues
|
0-0: Foul Ball, location: 2F 0-1: Ball 1-1: Foul Ball, location: 2F 1-2: Fly out, F9 (Flyball, 89M)
|
Batting: LHB Tony Vega
|
0-0: Swinging Strike 0-1: DOUBLE (Flyball, 8RXD)
|
Batting: LHB José Cordero
|
0-0: Ground out U3 (Groundball, 3L)
|
Bottom of the 3rd over - 0 run(s), 1 hit(s), 0 error(s), 1 left on base; Bellevue 0 - Delaware 0 |
TOP OF THE 4TH |
Bellevue Bruins batting - Pitching for Delaware 1787 BC : RHP Mario Ruíz
|
Batting: RHB Iván Vega
|
0-0: Fly out, F7 (Flyball, 7S)
|
Batting: LHB Javier Sánchez
|
0-0: Called Strike 0-1: Ball 1-1: Foul Ball, location: 2F 1-2: Foul Ball, location: 2F 1-2: Strikes out swinging
|
Batting: RHB José Carlos Pérez
|
0-0: Called Strike 0-1: Ball 1-1: Fly out, F8 (Flyball, 8LXD)
|
Top of the 4th over - 0 run(s), 0 hit(s), 0 error(s), 0 left on base; Bellevue 0 - Delaware 0 |
BOTTOM OF THE 4TH |
Delaware 1787 BC batting - Pitching for Bellevue Bruins : RHP Juan Guillén
|
Batting: RHB Jim Scott
|
0-0: Ground out 6-3 (Groundball, 6)
|
Batting: LHB Ángel Aguilar
|
0-0: Ball 1-0: Foul Ball, location: 2F 1-1: Foul Ball, location: 2F 1-2: Ball 2-2: Foul Ball, location: 2F 2-2: Ball 3-2: Foul Ball, location: 2F 3-2: Foul Ball, location: 2F 3-2: Base on Balls
|
Batting: RHB Henrique Shearman
|
0-0: Ball Ángel Aguilar is caught stealing 2nd base 1-0: Swinging Strike 1-1: Swinging Strike 1-2: Foul Ball, location: 2F 1-2: DOUBLE (Flyball, 8LXD) - OUT at third base trying to stretch hit.
|
Bottom of the 4th over - 0 run(s), 1 hit(s), 0 error(s), 0 left on base; Bellevue 0 - Delaware 0 |
TOP OF THE 5TH |
Bellevue Bruins batting - Pitching for Delaware 1787 BC : RHP Mario Ruíz
|
Batting: RHB Edgar González
|
0-0: Foul Ball, location: 2F 0-1: Foul Ball, location: 2F 0-2: Ball 1-2: Fly out, F7 (Flyball, 78M)
|
Batting: RHB Nelson Abbey
|
0-0: Called Strike 0-1: Ball 1-1: Swinging Strike 1-2: Strikes out swinging
|
Batting: RHB Jesús Vargas
|
0-0: Ball 1-0: Ball 2-0: Swinging Strike 2-1: Fly out, F6 (Line Drive, 6)
|
Top of the 5th over - 0 run(s), 0 hit(s), 0 error(s), 0 left on base; Bellevue 0 - Delaware 0 |
BOTTOM OF THE 5TH |
Delaware 1787 BC batting - Pitching for Bellevue Bruins : RHP Juan Guillén
|
Batting: RHB Pedro Rivera
|
0-0: Foul Ball, location: 2F 0-1: Foul Ball, location: 2F 0-2: Strikes out swinging
|
Batting: RHB Mike Greene
|
0-0: Ball 1-0: Called Strike 1-1: Ball 2-1: Ball 3-1: Foul Ball, location: 2F 3-2: Base on Balls
|
Batting: SHB Alonso Solís
|
0-0: Called Strike 0-1: Called Strike 0-2: Ball 1-2: Foul Ball, location: 2F 1-2: Fly out, F7 (Flyball, 7M)
|
Batting: RHB Roberto Escues
|
0-0: Foul Ball, location: 2F 0-1: Ball 1-1: Foul Ball, location: 2F 1-2: Ball 2-2: Fly out, F7 (Flyball, 7S)
|
Bottom of the 5th over - 0 run(s), 0 hit(s), 0 error(s), 1 left on base; Bellevue 0 - Delaware 0 |
TOP OF THE 6TH |
Bellevue Bruins batting - Pitching for Delaware 1787 BC : RHP Mario Ruíz
|
Batting: RHB Nick Hoskins
|
0-0: Bunt for hit - play at first, batter OUT! 1-3
|
Batting: LHB Orlando López
|
0-0: Foul Ball, location: 2F 0-1: SINGLE (Line Drive, 4MD)
|
Batting: RHB Leo Shoemaker
|
0-0: SINGLE (Line Drive, 4D) Orlando López to second
|
Batting: RHB Iván Vega
|
0-0: Ball 1-0: Ball Throwing error on steal attempt, E2 Orlando López scores Leo Shoemaker to third 2-0: Foul Ball, location: 2F 2-1: SINGLE (Line Drive, 78S) Leo Shoemaker scores
|
Batting: LHB Javier Sánchez
|
0-0: Ball 1-0: SINGLE (Line Drive, 4MD) Iván Vega to second
|
Batting: RHB José Carlos Pérez
|
0-0: Foul Ball, location: 2F 0-1: SINGLE (Flyball, 89S) Iván Vega to third Javier Sánchez to second Runner from 3rd tries for Home, SAFE, no throw or cutoff
|
Batting: RHB Edgar González
|
0-0: Foul Ball, location: 2F 0-1: Called Strike 0-2: Ball 1-2: Grounds into double play, 6-4-3 (Groundball, 6)
|
Top of the 6th over - 3 run(s), 5 hit(s), 1 error(s), 1 left on base; Bellevue 3 - Delaware 0 |
BOTTOM OF THE 6TH |
Delaware 1787 BC batting - Pitching for Bellevue Bruins : RHP Juan Guillén
|
Batting: LHB Tony Vega
|
0-0: Ball 1-0: Called Strike 1-1: Ball 2-1: Called Strike 2-2: Foul Ball, location: 2F 2-2: Ball 3-2: Base on Balls
|
Batting: LHB José Cordero
|
0-0: Ball 1-0: Foul Ball, location: 2F 1-1: Foul Ball, location: 2F 1-2: Ball 2-2: Ball 3-2: Foul Ball, location: 2F 3-2: SINGLE (Line Drive, 4M) Tony Vega to second
|
Batting: RHB Jim Scott
|
0-0: Swinging Strike 0-1: Fly out, F8 (Line Drive, 8RS)
|
Batting: LHB Ángel Aguilar
|
0-0: Foul Ball, location: 2F 0-1: Called Strike Tony Vega is caught stealing 3rd base José Cordero to second 0-2: Ball 1-2: Fly out, F9 (Flyball, 89M)
|
Bottom of the 6th over - 0 run(s), 1 hit(s), 0 error(s), 1 left on base; Bellevue 3 - Delaware 0 |
TOP OF THE 7TH |
Bellevue Bruins batting - Pitching for Delaware 1787 BC : RHP Mario Ruíz
|
Batting: RHB Nelson Abbey
|
0-0: Ball 1-0: Ball 2-0: Bunt missed! 2-1: Ball 3-1: Foul Ball, location: 2F 3-2: Ground out 6-3 (Groundball, 6M)
|
Batting: RHB Jesús Vargas
|
0-0: Ball 1-0: Ball 2-0: Swinging Strike 2-1: Ball 3-1: Swinging Strike 3-2: Base on Balls
|
Batting: RHB Nick Hoskins
|
0-0: Ball 1-0: Ball 2-0: Fly out, F9 (Flyball, 89M)
|
Batting: LHB Orlando López
|
0-0: Ball 1-0: Foul Ball, location: 2F 1-1: DOUBLE (Line Drive, 9M) Jesús Vargas to third Runner from 3rd tries for Home, SAFE, no throw or cutoff
|
Batting: RHB Leo Shoemaker
|
0-0: Ball 1-0: Foul Ball, location: 2F 1-1: Called Strike 1-2: Ball 2-2: Hit by Pitch
|
Batting: RHB Iván Vega
|
0-0: Called Strike 0-1: Foul Ball, location: 2F 0-2: Ball 1-2: Strikes out swinging
|
Top of the 7th over - 1 run(s), 1 hit(s), 0 error(s), 2 left on base; Bellevue 4 - Delaware 0 |
BOTTOM OF THE 7TH |
Delaware 1787 BC batting - Pitching for Bellevue Bruins : RHP Juan Guillén
|
Batting: RHB Henrique Shearman
|
0-0: Ball 1-0: Ball 2-0: SINGLE (Groundball, 56D)
|
Batting: RHB Pedro Rivera
|
0-0: Ball 1-0: Swinging Strike 1-1: Ball 2-1: Called Strike 2-2: Ball 3-2: Fly out, F7 (Flyball, 78S)
|
Batting: RHB Mike Greene
|
0-0: Ball 1-0: Ball 2-0: Called Strike 2-1: SINGLE (Line Drive, 6MD) Henrique Shearman to second
|
Batting: SHB Alonso Solís
|
0-0: Called Strike 0-1: Swinging Strike 0-2: Ball 1-2: Ball 2-2: Reached on error, E6 (Groundball, 6MD) Henrique Shearman to third Mike Greene to second
|
Batting: RHB Roberto Escues
|
0-0: Called Strike 0-1: Ball 1-1: Foul Ball, location: 2F 1-2: Ground out 5-3 (Groundball, 56S) Henrique Shearman scores Mike Greene to third Alonso Solís to second
|
Batting: LHB Tony Vega
|
0-0: SINGLE (Line Drive, 4MD) Mike Greene scores Alonso Solís to third Runner from 3rd tries for Home, SAFE, no throw or cutoff
|
Batting: LHB José Cordero
|
0-0: Ball 1-0: Ground out 4-3 (Groundball, 34)
|
Bottom of the 7th over - 3 run(s), 3 hit(s), 1 error(s), 1 left on base; Bellevue 4 - Delaware 3 |
TOP OF THE 8TH |
Bellevue Bruins batting - Pitching for Delaware 1787 BC : RHP Mario Ruíz
|
Pitching: RHP Jim Unknown
|
|
Batting: LHB Javier Sánchez
|
0-0: Ball 1-0: Swinging Strike 1-1: Called Strike 1-2: Strikes out looking
|
Batting: RHB José Carlos Pérez
|
0-0: Ball 1-0: Foul Ball, location: 2F 1-1: Foul Ball, location: 2F 1-2: Ball 2-2: Ball 3-2: Strikes out swinging
|
Batting: RHB Edgar González
|
0-0: Foul Ball, location: 2F 0-1: Called Strike 0-2: Strikes out swinging
|
Top of the 8th over - 0 run(s), 0 hit(s), 0 error(s), 0 left on base; Bellevue 4 - Delaware 3 |
BOTTOM OF THE 8TH |
Delaware 1787 BC batting - Pitching for Bellevue Bruins : RHP Juan Guillén
|
Pitching: RHP Joe Griffin
|
|
Now at C: Arsenio Sameiro
|
|
Batting: RHB Jim Scott
|
0-0: Ball 1-0: Called Strike 1-1: Fly out, F8 (Flyball, 8LD)
|
Pitching: LHP Javier Pérez
|
|
Batting: LHB Ángel Aguilar
|
0-0: Ball 1-0: Called Strike 1-1: Ball 2-1: Ball 3-1: Foul Ball, location: 2F 3-2: Strikes out swinging
|
Pitching: RHP Ed Taylor
|
|
Batting: RHB Henrique Shearman
|
0-0: Swinging Strike 0-1: Foul Ball, location: 2F 0-2: Strikes out looking
|
Bottom of the 8th over - 0 run(s), 0 hit(s), 0 error(s), 0 left on base; Bellevue 4 - Delaware 3 |
TOP OF THE 9TH |
Bellevue Bruins batting - Pitching for Delaware 1787 BC : RHP Jim Unknown
|
Pitching: RHP Jim Unknown
|
|
Batting: RHB Nelson Abbey
|
0-0: Foul Ball, location: 2F 0-1: Foul Ball, location: 2F 0-2: SINGLE (Groundball, 56D)
|
Batting: RHB Jesús Vargas
|
|
Pinch Hitting: RHB Jim Unknown
|
0-0: Ball 1-0: Called Strike 1-1: Ball 2-1: Sac Bunt - play at first, batter OUT! 5-4 Nelson Abbey to second
|
Pinch Hitting: RHB Jim Unknown
|
0-0: Intentional Walk
|
Batting: LHB Orlando López
|
0-0: Called Strike 0-1: Ball 1-1: Swinging Strike 1-2: Strikes out swinging
|
Batting: RHB Leo Shoemaker
|
0-0: Ball 1-0: Called Strike 1-1: Fly out, F9 (Popup, 4D)
|
Top of the 9th over - 0 run(s), 1 hit(s), 0 error(s), 2 left on base; Bellevue 4 - Delaware 3 |
BOTTOM OF THE 9TH |
Delaware 1787 BC batting - Pitching for Bellevue Bruins : RHP Ed Taylor
|
Pitching: RHP Iván Pujols
|
|
Now at 2B: Jim Unknown
|
|
Now at 3B: Luis Rodríguez
|
|
Now in LF: Jim Unknown
|
|
Batting: RHB Pedro Rivera
|
0-0: Ball 1-0: Called Strike 1-1: Swinging Strike 1-2: SINGLE (Line Drive, 56D)
|
Batting: RHB Mike Greene
|
0-0: Sac Bunt - play at first, batter OUT! U3 Pedro Rivera to second
|
Batting: SHB Alonso Solís
|
Balk! Pedro Rivera to third 0-0: Ball 1-0: Ball 2-0: Called Strike 2-1: Ball 3-1: Called Strike 3-2: Strikes out swinging
|
Batting: RHB Roberto Escues
|
0-0: Ball 1-0: Called Strike 1-1: Swinging Strike 1-2: Foul Ball, location: 2F 1-2: Ball 2-2: Ball 3-2: Fly out, F9 (Flyball, 9LM)
|
Bottom of the 9th over - 0 run(s), 1 hit(s), 0 error(s), 1 left on base; Bellevue 4 - Delaware 3 |
|